 Dungeon Crawl Stone Soup version 0.19.1-1-g22dce08 (webtiles) character file.

317 Nebel the Chopper (level 6, -10/52 HPs)
             Began as a Minotaur Fighter on Jan 8, 2017.
             Mangled by Duvessa
             ... wielding a +0 rapier
              (13 damage)
             ... on level 3 of the Dungeon.
             The game lasted 00:08:17 (3204 turns).

Nebel the Chopper (Minotaur Fighter)                Turns: 3204, Time: 00:08:18

Health: -10/52     AC:  8    Str: 22    XL:     6   Next: 20%
Magic:  5/5        EV:  7    Int:  5    God:
Gold:   158        SH:  9    Dex: 10    Spells: 0 memorised, 5 levels left

rFire  . . .     SeeInvis .     a - +0 war axe
rCold  . . .     Gourm    .     b - +0 scale mail
rNeg   . . .     Faith    .     c - +0 shield
rPois  .         Spirit   .     (helmet restricted)
rElec  .         Reflect  .     (no cloak)
rCorr  .         Harm     .     (no gloves)
MR     .....                    k - +0 pair of boots
Stlth  ..........               (no amulet)
                                (no ring)
                                (no ring)

@: glowing
A: retaliatory headbutt, horns 2
a: no special abilities


You were on level 3 of the Dungeon.
You were very hungry.

You visited 1 branch of the dungeon, and saw 4 of its levels.

You collected 158 gold pieces.

Inventory:

Hand Weapons
 a - a +0 war axe (weapon)
Missiles
 y - 3 exploding tomahawks (quivered)
 A - 2 stones
Armour
 b - a +0 scale mail (worn)
 c - a +0 shield (worn)
 k - a +0 pair of boots (worn)
Jewellery
 m - a +3 ring of protection {unknown}
 o - an uncursed ring of protection from cold {unknown}
 u - an uncursed ring of stealth {unknown}
Scrolls
 e - a scroll of noise {unknown}
 g - 3 scrolls of teleportation {unknown}
 h - 2 scrolls of random uselessness {unknown}
 i - 2 scrolls of remove curse {unknown}
 j - 3 scrolls of identify {unknown}
 r - 2 scrolls of fear {unknown}
 w - a scroll of blinking {unknown}
Potions
 d - a potion of might
 n - a potion of agility {unknown}
 p - 3 potions of heal wounds {unknown}
 s - 2 potions of curing {unknown}
 t - a potion of cure mutation {unknown}
 v - 3 potions of cancellation {unknown}
 x - a potion of brilliance {unknown}
 z - a potion of magic {unknown}
Comestibles
 f - a bread ration
 l - 3 meat rations
 q - a royal jelly


   Skills:
 - Level 3.9 Fighting
 + Level 7.6 Axes
 - Level 3.7 Armour
 - Level 3.9 Shields


You had 5 spell levels left.
You didn't know any spells.

Dungeon Overview and Level Annotations

Branches:
Dungeon (4/15)
 Temple: D:4-7

Altars:
Fedhas

Annotations:
D:4 Duvessa


Innate Abilities, Weirdness & Mutations

You reflexively headbutt those who attack you in melee.
You have a pair of horns on your head.


Message History

You hit Dowan.
You kill Dowan!
Something screams in a voice full of rage, "No, no!"
You miss something. Something hits you but does no damage. Something hits you.
You hear a shout!
Something hits you.
* * * LOW HITPOINT WARNING * * *
Something hits you but does no damage.
There is a stone staircase leading up here.
Something hits you.
* * * LOW HITPOINT WARNING * * *
You climb upwards.
There is a stone staircase leading down here.
Unknown command.
Something hits you.
* * * LOW HITPOINT WARNING * * *
Something hits you.
* * * LOW HITPOINT WARNING * * *
Something hits you!
You die...

.....#.#.#.# #...........##.# #..
.....#.#.#.# #......<....##.# #.(
#+####.#.#.# #...........##.# #..
..# #.#.#.# ########+#####.# #..
#.# #.#.#.# #......##.# #..
######.#.#.##### #......##.###..
.......#.......# #..>...+.......
.......#.#...#.####......##.####)
.........#......@...........#....
########.#.###.###############.#.
......................# #.#.
#########.#####.#####.########.#.
.................................
#######.......#.#####..........#.
#.......#.##############.#.
#.......#........).......#.
###.................####.#.


There were no monsters in sight!

Vanquished Creatures
  The ghost of sveltemanboy the Conjurer, an amateur DrCj (D:3)
  Dowan (D:4)
  An orc wizard (D:3)
  3 adders
  2 oozes
  2 worms
  2 leopard geckos
  10 orcs (D:3)
  3 hobgoblins (D:1)
  7 jackals
  4 kobolds
  7 bats
  5 frilled lizards
  9 goblins
  5 rats
62 creatures vanquished.

Notes
Turn   | Place    | Note
-------+----------+-------------------------------------------
     0 | D:1      | Nebel the Minotaur Fighter began the quest for the Orb.
     0 | D:1      | Reached XP level 1. HP: 19/19 MP: 0/0
   246 | D:1      | Reached XP level 2. HP: 27/27 MP: 1/1
   447 | D:1      | Reached skill level 3 in Axes
   945 | D:2      | Reached XP level 3. HP: 33/33 MP: 2/2
   983 | D:2      | Reached skill level 4 in Axes
  1171 | D:2      | Found a blossoming altar of Fedhas.
  1632 | D:3      | Noticed sveltemanboy's ghost (amateur DrCj)
  2109 | D:3      | Reached XP level 4. HP: 40/40 MP: 3/3
  2312 | D:3      | Reached skill level 5 in Axes
  2413 | D:3      | Reached XP level 5. HP: 45/46 MP: 4/4
  2551 | D:3      | Killed sveltemanboy's ghost
  2551 | D:3      | Reached skill level 7 in Axes
  2551 | D:3      | Reached XP level 6. HP: 27/52 MP: 5/5
  3167 | D:4      | Noticed Duvessa
  3169 | D:4      | Noticed Dowan
  3191 | D:4      | Killed Dowan
  3204 | D:3      | Mangled by Duvessa

Skill      XL: |  1  2  3  4  5 |
---------------+----------------+-----
Axes           | 3 4 5 7 |  7.6
Fighting       | |  3.9
Armour         | |  3.7
Shields        | |  3.9

Action                   |  1- 3 |  4- 6 || total
-------------------------+-------+-------++-------
Melee: War axe           |   110 |    70 ||   180
       Headbutt          |    10 |    11 ||    21
  Eat: Chunk             |     4 |     2 ||     6
Armor: Scale mail        |    70 |    28 ||    98
Dodge: Dodged            |    39 |    17 ||    56
Block: Shield            |    67 |    34 ||   101
